 Dungeon Crawl Stone Soup version 0.19.0-19-g8c6edcc (webtiles) character file.

319 ThermosAquaticus the Chopper (level 6, -2/47 HPs)
             Began as a Formicid Fighter on Nov 15, 2016.
             Killed from afar by no0bjke's ghost (10 damage)
             ... with a magic dart
             ... on level 4 of the Dungeon.
             The game lasted 00:08:58 (3786 turns).

ThermosAquaticus the Chopper (Formicid Fighter)     Turns: 3786, Time: 00:08:59

Health: -2/47      AC:  6    Str: 20    XL:     6   Next: 74%
Magic:  15/15      EV:  7    Int:  8    God:
Gold:   115        SH: 10    Dex: 12    Spells: 0 memorised, 5 levels left

rFire  . . .     SeeInvis +     a - +0 war axe
rCold  . . .     Gourm    .     y - +0 scale mail (curse)
rNeg   . . .     Faith    .     c - +1 shield
rPois  .         Spirit   .     (helmet unavailable)
rElec  .         Reflect  .     (no cloak)
rCorr  .         Harm     .     (no gloves)
MR     .....                    (no boots)
Stlth  ..........               (no amulet)
                                (no ring)
                                p - ring of magical power

@: no status effects
A: permanent stasis, dig shafts and tunnels, four strong arms, antennae 3
a: Dig, Shaft Self


You were on level 4 of the Dungeon.
You were not hungry.

You visited 1 branch of the dungeon, and saw 5 of its levels.

You collected 115 gold pieces.

Inventory:

Hand Weapons
 a - a +0 war axe (weapon)
Missiles
 m - 8 javelins of returning (quivered)
Armour
 c - a +1 shield (worn)
 y - a cursed +0 scale mail (worn)
Jewellery
 g - an uncursed amulet of faith {unknown}
 p - a ring of magical power (left hand)
 u - an uncursed amulet of magic regeneration {unknown}
Scrolls
 k - 2 scrolls of remove curse
 n - 3 scrolls of enchant armour
 q - a scroll of enchant weapon {unknown}
 t - a scroll of magic mapping {unknown}
 v - a scroll of random uselessness {unknown}
Potions
 e - 2 potions of curing
 h - a potion of ambrosia {unknown}
 j - a potion of resistance {unknown}
 w - a potion of lignification {unknown}
Comestibles
 b - 9 chunks of flesh
 f - 5 bread rations
 i - a royal jelly
 o - 3 meat rations
 r - 3 beef jerkies
 s - 2 fruits


   Skills:
 - Level 3.2 Fighting
 + Level 6.6 Axes
 - Level 3.2 Armour
 - Level 3.6 Shields


You had 5 spell levels left.
You didn't know any spells.

Dungeon Overview and Level Annotations

Branches:
Dungeon (5/15)
 Temple: D:4-7

Altars:
Zin

Annotations:
D:4 no0bjke's ghost, amateur DrCj
D:5 Sigmund


Innate Abilities, Weirdness & Mutations

You are under a permanent stasis effect.
You can dig through walls and to a lower floor.
Your four strong arms can wield two-handed weapons with a shield.
You have a pair of large antennae on your head. (SInv)


Message History

You escape the ball python's grasp.
No0bjke's ghost points at you and mumbles some strange words.
The magic dart hits you!
* * * LOW HITPOINT WARNING * * *
The ball python bites you but does no damage.
The ball python barely misses you.
Unknown command.
You block the ball python's attack. The ball python grabs you.
The ball python constricts you.
There is an escape hatch in the floor here.
Your shield and scale mail prevent you from hitting the ball python.
The ball python bites you.
* * * LOW HITPOINT WARNING * * *
The ball python constricts you.
Unknown command.
You slash the ball python!
You kill the ball python!
No0bjke's ghost casts a spell at you. The magic dart hits you!
You die...

#.# ..# ######### ###
#.......# #.#####.#
########.#####.#
##..........##.#
....####.##.##.########
..#.# #........@.....#
....# #........#####.#
##### #.##........# #
#.####.#.##.# #
#.####.#.##.##.#
########....W.#.[.....#
....##.....#######)####
.{..##...{.# #.#
......W{{..# ##.##


You could see no0bjke's ghost.

Vanquished Creatures
  An ogre (D:5)
  A howler monkey (D:5)
  A bullfrog skeleton (D:4)
  A worker ant (D:3)
  6 adders
  An ooze (D:4)
  A worm (D:3)
  2 dart slugs (D:1)
  4 leopard geckos
  8 orcs
  2 ball pythons
  6 bats
  2 giant cockroaches
  4 goblins
  4 hobgoblins
  3 quokkas
  7 frilled lizards
  10 kobolds
  2 leopard gecko skeletons (D:4)
  2 rats
68 creatures vanquished.

Notes
Turn   | Place    | Note
-------+----------+-------------------------------------------
     0 | D:1      | ThermosAquaticus the Formicid Fighter began the quest for the Orb.
     0 | D:1      | Reached XP level 1. HP: 18/18 MP: 1/1
   231 | D:1      | Reached XP level 2. HP: 24/24 MP: 2/2
   507 | D:1      | Reached skill level 3 in Axes
   613 | D:1      | Reached XP level 3. HP: 28/29 MP: 3/3
  1012 | D:2      | Reached skill level 4 in Axes
  1012 | D:2      | Reached XP level 4. HP: 33/35 MP: 4/4
  2066 | D:3      | Found a glowing silver altar of Zin.
  2434 | D:3      | Reached XP level 5. HP: 41/41 MP: 5/5
  2725 | D:4      | Noticed no0bjke's ghost (amateur DrCj)
  2744 | D:3      | Reached skill level 5 in Axes
  3366 | D:4      | Reached XP level 6. HP: 47/47 MP: 6/6
  3663 | D:5      | Entered Level 5 of the Dungeon
  3663 | D:5      | Noticed an ogre
  3674 | D:5      | Killed an ogre
  3674 | D:5      | Reached skill level 6 in Axes
  3728 | D:5      | Noticed Sigmund
  3786 | D:4      | Killed from afar by no0bjke's ghost

Skill      XL: |  1  2  3  4  5  6 |
---------------+-------------------+-----
Axes           | 3 4 5 6 |  6.6
Fighting       | |  3.2
Armour         | |  3.2
Shields        | |  3.6

Action                   |  1- 3 |  4- 6 || total
-------------------------+-------+-------++-------
Melee: War axe           |    76 |   159 ||   235
  Use: Scroll            |       |     3 ||     3
       Potion            |       |     2 ||     2
  Eat: Chunk             |       |     9 ||     9
Armor: Scale mail        |    31 |    48 ||    79
Dodge: Dodged            |    26 |    49 ||    75
Block: Shield            |    32 |    88 ||   120
